 Dungeon Crawl Stone Soup version 0.29-a0-1047-g7c58e119a4 (webtiles) character file.

Game seed: 16576122059226279768

152 Tocho the Chopper (level 5, -2/46 HPs)
             Began as a Hill Orc Fighter on Aug 17, 2022.
             Slain by a lemure (6 damage)
             ... led by Pikel
             ... on level 4 of the Dungeon.
             The game lasted 00:05:16 (3295 turns).

Tocho the Chopper (Hill Orc Fighter)                Turns: 3295, Time: 00:05:16

Health: -2/46      AC:  6    Str: 21    XL:     5   Next: 34%
Magic:  5/5        EV:  9    Int:  8    God:
Gold:   132        SH:  0    Dex: 10    Spells: 4/4 levels left

rFire   . . .      SeeInvis .   a - +0 war axe
rCold   . . .      Faith    .   (no shield)
rNeg    . . .      Spirit   .   b - +0 scale mail
rPois   .          Reflect  .   (no helmet)
rElec   .          Harm     .   (no cloak)
rCorr   .          Rampage  .   (no gloves)
Will    .....                   (no boots)
Stlth   ..........              (no amulet)
HPRegen 0.15/turn               (no ring)
MPRegen 0.09/turn               (no ring)

@: no status effects
A: no striking features
a: no special abilities


You were on level 4 of the Dungeon.
You visited 1 branch of the dungeon, and saw 4 of its levels.

You collected 132 gold pieces.

Inventory:

Hand Weapons
 a - a +0 war axe (weapon)
Missiles
 k - 2 poisoned darts (quivered)
 n - 2 silver boomerangs
Armour
 b - a +0 scale mail (worn)
 c - a +0 buckler
Jewellery
 p - a ring of magical power
Scrolls
 e - 4 scrolls of identify {unknown}
 h - 3 scrolls of teleportation {unknown}
 j - a scroll of immolation {unknown}
 q - 2 scrolls of poison {unknown}
Potions
 d - 2 potions of might
 f - a potion of mutation {unknown}
 g - 2 potions of curing {unknown}
 i - 2 potions of degeneration {unknown}
 l - 2 potions of lignification {unknown}
 m - a potion of heal wounds {unknown}
 o - a potion of resistance {unknown}
 r - a potion of magic {unknown}


   Skills:
 - Level 3.7 Fighting
 + Level 6.9 Axes
 - Level 3.4 Armour
 - Level 3.4 Shields


You had 4 spell levels left.
You didn't know any spells.
Your spell library contained the following spells:

 Spells                   Type           Power      Damage    Failure   Level
 Apportation              Tloc           0%         N/A       75%         1
 Foxfire                  Conj/Fire      0%         2x1d4     75%         1
 Necrotise                Necr           0%         1d4       75%         1
 Summon Small Mammal      Summ           0%         N/A       75%         1
 Conjure Flame            Conj/Fire      0%         6-21      98%         3
 Inner Flame              Hex/Fire       0%         N/A       98%         3
 Flame Wave               Conj/Fire      0%         2d4       100%        4


Dungeon Overview and Level Annotations

Branches:
Dungeon (4/15)
 Temple: D:4-7

Altars:

Shops:
D:2 =


Message History

You hit the lemure. The lemure hits you. The lemure closely misses you. x2
The lemure barely misses you. The lemure attacks as you move away!
The lemure hits you. The lemure closely misses you.
Things that are here:
a +0 short sword; a dart slug corpse You hit the lemure.
The lemure is severely wounded.
The lemure closely misses you.
You hit the lemure but do no damage.
The lemure is severely wounded.
The lemure hits you.
You hit the lemure.
The lemure is severely wounded.
The lemure hits you.
You hit the lemure but do no damage.
The lemure is severely wounded.
The lemure closely misses you.
You closely miss the lemure.
The lemure is severely wounded.
The lemure hits you!
* * * LOW HITPOINT WARNING * * *
You closely miss the lemure.
The lemure is severely wounded.
The lemure closely misses you.
You closely miss the lemure.
The lemure is severely wounded.
The lemure closely misses you.
You barely miss the lemure. Your punch misses the lemure.
The lemure is severely wounded.
The lemure hits you.
* * * LOW HITPOINT WARNING * * *
The lemure hits you!
* * * LOW HITPOINT WARNING * * *
You closely miss the lemure.
The lemure is severely wounded.
The lemure hits you but does no damage. The lemure attacks as you move away!
The lemure hits you but does no damage. The lemure attacks as you move away!
The lemure hits you.
You die...

......####......).....#####......
>.................<.............#
......#..........#|##############
...............................
..#...#..............##.#######
..#...#.##...#.......##.#
......#.##...#.......##.#
..#......#...#...######.##
#.#......#...#.#@##......#
#.#..........#.#5.#......#
#.#.^....#...#..5.#......#
#.#......##..###.........#
#......... ..# ###.####.##
####...... #)## #.# #..# #.#
##.###.# #..# .#


You could see 2 lemures.

Vanquished Creatures
  A lemure (D:4)
  An orc wizard (D:4)
  6 adders
  2 worms (D:3)
  3 dart slugs
  3 orcs (D:4)
  4 bats
  5 endoplasms
  A giant cockroach (D:2)
  5 hobgoblins
  3 jackals (D:4)
  A quokka (D:1)
  7 ball pythons
  5 frilled lizards
  5 goblins
  8 kobolds
  3 rats
63 creatures vanquished.

Vanquished Creatures (others)
  4 plants (D:1)
4 creatures vanquished.

Grand Total: 67 creatures vanquished

Notes
Turn   | Place    | Note
-------+----------+-------------------------------------------
     0 | D:1      | Tocho the Hill Orc Fighter began the quest for the Orb.
     0 | D:1      | Reached XP level 1. HP: 19/19 MP: 1/1
   236 | D:1      | Reached skill level 3 in Axes
   304 | D:1      | Reached XP level 2. HP: 27/27 MP: 2/2
   581 | D:1      | Found a faded altar of an unknown god.
  1023 | D:2      | Reached skill level 4 in Axes
  1023 | D:2      | Reached XP level 3. HP: 33/33 MP: 3/3
  1152 | D:2      | Reached skill level 5 in Axes
  1250 | D:2      | Reached XP level 4. HP: 40/40 MP: 4/4
  1983 | D:2      | Found Ijiwoir's One-of-a-Kind Rings.
  2389 | D:3      | Reached skill level 6 in Axes
  2973 | D:4      | Reached XP level 5. HP: 38/46 MP: 5/5
  3261 | D:4      | Noticed a lemure
  3264 | D:4      | Noticed a lemure
  3267 | D:4      | Noticed a lemure
  3272 | D:4      | Killed a lemure
  3295 | D:4      | Slain by a lemure

Illustrated notes

Levels and vault maps discovered:
D:1:      elethiomel_arrival_quiet, layout_basic,
          dreamdust_ecumenical_altar_angels_and_demons, serial_forest,
          infiniplex_forest_end_1, infiniplex_forest_clump_diagonal,
          infiniplex_forest_lined_corner, infiniplex_forest_straight_5,
          infiniplex_forest_diagonal, infiniplex_forest_clump_small,
          infiniplex_forest_end_1
D:2:      layout_rooms, minivault_23, nicolae_shop_unique_rings
D:3:      layout_loops_ring
D:4:      layout_basic, chequers_temple_overflow_statue_of_worship,
          serial_shops, nicolae_shop_hallway_plus, portal_sewer_entry_e,
          uniq_pikel

Skill      XL: |  1  2  3  4 |
---------------+-------------+-----
Axes           | 3 4 5 6 |  6.9
Fighting       | |  3.7
Armour         | |  3.4
Shields        | |  3.4

Action                   |  1- 3 |  4- 6 || total
-------------------------+-------+-------++-------
Melee: War axe           |    67 |   140 ||   207
       Punch             |       |     1 ||     1
Armor: Scale mail        |    22 |    77 ||    99
Dodge: Dodged            |    20 |    53 ||    73
Block: Buckler           |     6 |       ||     6

Table legend: (Time is in decaauts)
 A = Elapsed time spent in this place.
 B = Non-inter-level travel time spent in this place.
 C = Inter-level travel time spent in this place.
 D = Time resting spent in this place.
 E = Time spent auto-exploring this place.
 F = Levels seen in this place.
 G = Mean time per level.
                   A        B        C        D        E       F      G
               +--------+--------+--------+--------+--------+-----+--------+
         Total |   3345 |   3226 |    119 |    272 |   2407 |   4 |  836.2 |
       Dungeon |   3345 |   3226 |    119 |    272 |   2407 |   4 |  836.2 |
               +--------+--------+--------+--------+--------+-----+--------+

Top non-repeatable levels by time:
     D:1: 1308 daAuts
     D:3: 868 daAuts
     D:2: 737 daAuts
     D:4: 431 daAuts
